 Dungeon Crawl Stone Soup version 0.30-a0-610-gb513c0a51f (webtiles) character file.

Game seed: 2870497823606310930

14 BaabKaare the Ruffian (level 2, 0/23 HPs)
             Began as a Draconian Transmuter on Jan 8, 2023.
             Slain by an iguana (9 damage)
             ... on level 3 of the Dungeon.
             The game lasted 00:04:25 (431 turns).

BaabKaare the Ruffian (Draconian Transmuter)         Turns: 431, Time: 00:04:26

Health: 0/23       AC:  8    Str: 12    XL:     2   Next: 31%
Magic:  4/5        EV: 12    Int: 13    God:
Gold:   58         SH:  0    Dex: 11    Spells: 2/5 levels left

rFire   . . .      SeeInvis .      - Unarmed
rCold   . . .      Faith    .    (no shield)
rNeg    . . .      Spirit   .    (body armour unavailable)
rPois   .          Reflect  .    (helmet currently unavailable)
rElec   .          Harm     .    (no cloak)
rCorr   .          Rampage  .    (no gloves)
Will    .....                    (boots currently unavailable)
Stlth   +                        (no amulet)
HPRegen 0.23/turn                c - +4 ring of protection
MPRegen 0.09/turn                (no ring)

@: appendages (expiring)
A: horns 2, talons 2, AC +4, unfitting armour, cold-blooded
a: End Transformation


You were on level 3 of the Dungeon.
You had temporarily grown beastly horns and talons.
You visited 1 branch of the dungeon, and saw 3 of its levels.

You collected 58 gold pieces.

Inventory:

Jewellery
 c - a +4 ring of protection (left hand)
 h - a ring of flight
Scrolls
 g - a scroll of teleportation {unknown}
Potions
 a - a potion of lignification
 b - a potion of might {unknown}
 d - 2 potions of curing {unknown}
 e - a potion of attraction {unknown}
 f - a potion of flight {unknown}


   Skills:
 + Level 1.1 Fighting
 + Level 2.0 Dodging
 + Level 3.4 Unarmed Combat
 + Level 2.1 Spellcasting
 + Level 2.0 Transmutations


You had 2 spell levels left.
You knew the following spells:

 Your Spells              Type           Power      Damage    Failure   Level
a - Beastly Appendage     Tmut           12%        N/A       11%         1
b - Wereblood             Tmut           6%         N/A       17%         2

Your spell library contained the following spells:

 Spells                   Type           Power      Damage    Failure   Level
 Spider Form              Tmut/Pois      4%         N/A       45%         3
 Ice Form                 Ice/Tmut       4%         N/A       86%         4


Dungeon Overview and Level Annotations

Branches:
Dungeon (3/15)

Altars:


Innate Abilities, Weirdness & Mutations

You have temporarily grown beastly horns and talons.
Your plain brown scales are hard. (AC +4)
You cannot fit into any form of body armour.
You are cold-blooded and may be slowed by cold attacks.


Message History

a +0 dagger; a bat corpse; a kobold corpse Your horns disappear.
Your talons disappear.
There is a stone staircase leading down here.
A worm comes into view.
An iguana comes into view.
Casting: Beastly Appendage (safe; 11% risk of failure)
Confirm with . or Enter, or press ? or * to list all spells.
You grow a pair of large bovine horns.
Your feet morph into talons.
The iguana hisses angrily.
Your transformation is almost over.
No target in view!
No target in view!
No target in view!
No target in view!
The iguana bites you!
You hit the iguana. Your kick misses the iguana.
The iguana is lightly wounded.
You closely miss the iguana. Your headbutt misses the iguana.
Your tail-slap misses the iguana.
The iguana is lightly wounded.
The iguana bites you. The iguana attacks as you move away!
The iguana closely misses you. The iguana attacks as you move away!
The iguana bites you but does no damage.
There is a stone staircase leading down here.
The iguana attacks as you move away! The iguana bites you.
Your horns disappear.
Your talons disappear.
Things that are here:
a +0 dagger; a bat corpse; a kobold corpse You can't go up here!
Unknown command.
Casting: Beastly Appendage (safe; 11% risk of failure)
Confirm with . or Enter, or press ? or * to list all spells.
You grow a pair of large bovine horns.
Your feet morph into talons.
The iguana bites you.
You barely miss the iguana. You tail-slap the iguana.
The iguana is lightly wounded.
Your transformation is almost over.
The iguana bites you!
You die...

.8.....♣##....#
##...........#
..............#
##..#####.....#
#..# #.w...#
#..######....#
#.......>#.###
#<######.#.#
#....@l).#.#
##########.# ..
.# ..


You could see an iguana.

Vanquished Creatures
  3 bats
  3 endoplasms (D:1)
  A hobgoblin (D:3)
  2 kobolds
  A quokka (D:3)
  3 ball pythons (D:1)
13 creatures vanquished.

Notes
Turn   | Place    | Note
-------+----------+-------------------------------------------
     0 | D:1      | BaabKaare the Draconian Transmuter began the quest for the
                  | Orb.
     0 | D:1      | Reached XP level 1. HP: 16/16 MP: 3/3
   249 | D:1      | Reached XP level 2. HP: 23/23 MP: 3/5
   252 | D:1      | Learned a level 2 spell: Wereblood
   336 | D:1      | You fall into a shaft and drop 1 floor!
   384 | D:3      | Found a faded altar of an unknown god.
   431 | D:3      | Slain by an iguana

Illustrated notes

Levels and vault maps discovered:
D:1:      minmay_arrival_doors, layout_rooms, serial_co_window_serial,
          co_window_corner_a, co_window_paths_a, co_window_of_opportunity_a,
          co_window_corner_a, co_window_cross_1, co_window_of_opportunity_c,
          co_window_of_opportunity_b, co_window_broadway_a,
          co_window_of_opportunity_b, co_window_broadway_a, glass_columns_a,
          glass_columns_c, glass_columns_b, glass_columns_c, minmay_surrounded
D:2:      layout_loops_ring, uniq_terence
D:3:      layout_basic, nicolae_ru_path_of_blood, old_standard_altar,
          cheibrodos_ashenzari_chains, hellmonk_ecumenical_altar_arch_garden

Skill      XL: |  1 |
---------------+----+-----
Dodging        | 2 |  2.0
Fighting       | |  1.1
Unarmed Combat | |  3.4
Spellcasting   | |  2.1
Transmutations | |  2.0

Action                   || total
-------------------------++-------
Melee: Unarmed           ||    28
       Headbutt          ||     4
       Kick              ||     3
       Tailslap          ||     3
 Cast: Beastly Appendage ||    13
       Wereblood         ||     1
Armor: Skin              ||    14
Dodge: Dodged            ||    19

Table legend: (Time is in decaauts)
 A = Elapsed time spent in this place.
 B = Non-inter-level travel time spent in this place.
 C = Inter-level travel time spent in this place.
 D = Time resting spent in this place.
 E = Time spent auto-exploring this place.
 F = Levels seen in this place.
 G = Mean time per level.
                   A        B        C        D        E       F      G
               +--------+--------+--------+--------+--------+-----+--------+
         Total |    428 |    410 |     18 |      0 |     70 |   3 |  142.7 |
       Dungeon |    428 |    410 |     18 |      0 |     70 |   3 |  142.7 |
               +--------+--------+--------+--------+--------+-----+--------+

Top non-repeatable levels by time:
     D:1: 333 daAuts
     D:3: 66 daAuts
     D:2: 28 daAuts
